Lightning vs Sharks
Created - February 12, 2018 at 19:14
Goals
|
Lightning |
0 |
2 |
0 |
0 |
2 |
3 |
Sharks |
0 |
1 |
1 |
0 |
0 |
2 |
|
Shots
|
Lightning |
5 |
14 |
5 |
0 |
3 |
24 |
Sharks |
9 |
10 |
4 |
2 |
2 |
25 |
|
1st period
No Goal
Penalties :
Davis Drewiske (TB.) for Diving (Minor) at 3:08, Rob Schremp (SJS) for Hooking (Minor) at 14:01
2nd period
1. Lightning , Andy Rogers 3 (Justin Schultz 11, Loui Eriksson 3) at 1:10
2. Lightning , Daniel Carcillo 15 (Pierre-Marc Bouchard 15) at 7:51
3. Sharks , Kevin Shattenkirk 15 (Maxim Afinogenov 23, Chris Campoli 12) at 10:03 (PP)
Penalties :
Kevin Shattenkirk (SJS) for High sticking (Minor) at 2:53, Loui Eriksson (TB.) for Roughing (Minor) at 8:36, Henrik Zetterberg (TB.) for Boarding (Minor) at 15:46
3rd period
4. Sharks , Frans Nielsen 25 (Cal Clutterbuck 14) at 0:33
Penalties :
Davis Drewiske (TB.) for Hooking (Minor) at 2:42, Nick Palmieri (SJS) for Interference (Minor) at 6:57, Loui Eriksson (TB.) for Holding (Minor) at 11:06, Robert Nilsson (TB.) for Tripping (Minor) at 11:37, Brendon Nash (SJS) for Interference (Minor) at 14:23, Rob Schremp (SJS) for Tripping (Minor) at 16:51
Overtime #1
No Goal
Penalties :
No Penalty
Shootout
Penalty Shot by Henrik Zetterberg for Lightning - Shot Misses the Net
Penalty Shot by Rob Schremp for Sharks - Stopped by Jaroslav Halak
Penalty Shot by Robert Nilsson for Lightning - Goal!
Penalty Shot by Milan Michalek for Sharks - Stopped by Jaroslav Halak
Penalty Shot by Kris Versteeg for Lightning - Goal!
Penalties :
No Penalty
Goalie Stats
Jaroslav Halak (TB.), 23 saves from 25 shots - (0.920), W, 20-19-5, 65:00 minutes
Tyler Weiman (SJS), 22 saves from 24 shots - (0.917), OTL, 8-10-3, 65:00 minutes
Players Stats for Lightning
Player Name G A P +/- PIM S H SB GA TA FO MP PP MP PK MP
------------------------------------------------------------------------------------
Andy Rogers 1 0 1 1 0 2 0 0 0 0 0/0 10:04 0:07 0:00
Brent Burns 0 0 0 0 0 1 0 2 0 2 0/0 29:37 5:01 6:00
Daniel Carcillo 1 0 1 0 0 3 1 0 2 0 1/1 18:31 4:18 1:12
Danny Richmond 0 0 0 0 0 1 2 1 1 1 0/0 23:12 4:47 3:54
Davis Drewiske 0 0 0 0 4 0 1 0 0 0 0/0 3:30 0:07 0:00
Henrik Zetterberg 0 0 0 0 2 2 0 3 2 2 4/15 27:41 5:32 4:17
Jeff Schultz 0 0 0 0 0 3 1 2 1 0 0/0 31:44 5:01 6:00
John Carlson 0 0 0 0 0 0 0 0 0 0 0/0 23:12 4:47 3:54
Jordan Nolan 0 0 0 1 0 2 4 0 0 0 6/9 13:59 0:05 1:19
Justin Schultz 0 1 1 1 0 1 0 1 0 0 0/0 9:41 0:00 0:00
Kris Versteeg 0 0 0 0 0 2 2 0 0 0 2/3 21:20 5:35 2:16
Loui Eriksson 0 1 1 1 4 2 1 0 0 0 0/0 12:06 0:02 0:21
Pierre-Luc Létourneau 0 0 0 0 0 0 0 0 0 0 0/0 5:05 0:00 0:00
Pierre-Marc Bouchard 0 1 1 0 0 2 1 0 1 0 5/9 19:25 4:18 2:41
Reilly Smith 0 0 0 0 0 0 0 0 0 0 0/0 5:53 0:02 0:00
Robert Nilsson 0 0 0 0 2 0 1 1 0 0 13/29 24:45 5:35 4:19
Sheldon Keefe 0 0 0 1 0 3 2 0 2 0 0/1 13:21 0:00 1:54
Steve Bernier 0 0 0 0 0 0 0 0 1 0 0/0 15:26 4:18 0:00
Players Stats for Sharks
Player Name G A P +/- PIM S H SB GA TA FO MP PP MP PK MP
------------------------------------------------------------------------------------
Brayden McNabb 0 0 0 -1 0 0 1 0 0 0 0/0 12:19 0:00 0:41
Brendon Nash 0 0 0 0 2 0 1 0 0 0 0/0 13:04 0:00 0:00
Cal Clutterbuck 0 1 1 1 0 1 3 0 1 0 1/1 14:48 4:18 0:00
Chris Campoli 0 1 1 -1 0 0 2 1 0 1 0/0 18:57 4:21 4:35
Damien Brunner 0 0 0 0 0 1 2 0 0 0 0/1 7:42 0:09 1:46
David Legwand 0 0 0 -1 0 3 2 0 0 0 26/36 25:58 5:12 5:36
Erik Cole 0 0 0 0 0 1 0 0 0 0 0/0 6:33 0:00 1:32
Frans Nielsen 1 0 1 1 0 6 3 0 0 1 5/14 20:50 4:18 2:44
Kevin Shattenkirk 1 0 1 0 2 3 2 4 3 3 0/0 31:02 5:33 4:39
Mark Stuart 0 0 0 0 0 0 0 2 0 0 0/0 31:26 5:33 5:55
Maxim Afinogenov 0 1 1 -1 0 2 3 0 1 3 0/0 23:21 5:27 2:35
Milan Michalek 0 0 0 -1 0 5 3 0 0 0 0/1 26:10 5:12 5:37
Nick Palmieri 0 0 0 -1 2 0 0 1 0 0 0/0 13:06 0:24 0:00
Patrick O'Sullivan 0 0 0 0 0 0 0 0 0 0 0/3 4:09 0:00 0:00
Patrik Elias 0 0 0 -1 0 0 3 1 0 0 0/0 11:20 0:24 0:00
Rob Schremp 0 0 0 -1 4 0 2 0 0 0 3/10 11:03 0:00 0:00
Ryane Clowe 0 0 0 1 0 1 1 0 0 0 1/1 14:48 4:18 0:00
Steve Montador 0 0 0 0 0 2 0 1 0 2 0/0 23:24 4:21 4:00
3 Stars
1 - Frans Nielsen (SJS)
2 - Andy Rogers (TB.)
3 - Daniel Carcillo (TB.)
Power Play
Lightning - 0 on 5 Attempt(s) - 0.00%
Sharks - 1 on 6 Attempt(s) - 16.67%
Penalty Kill
Lightning - 5 on 6 Attempt(s) - 83.33%
- Score 0 goal in Penalty Kill
Sharks - 5 on 5 Attempt(s) - 100.00%
- Score 0 goal in Penalty Kill
Team Stat
Lightning - Hits : 16 - Faceoff Wins : 31 - Blocked Shots : 10 - Penalty Minutes : 12
Sharks - Hits : 28 - Faceoff Wins : 36 - Blocked Shots : 10 - Penalty Minutes : 10
Official
Referees : L'Ecuyer Frederick and Ciamaga Chris
Linesman : Mike Cvik and Bryan Pancich
Game Notes
No Game Note
Finance
Level 1 -- Attendance: 4696 (78.27%) -- Ticket Income $446,120
Level 2 -- Attendance: 3272 (65.44%) -- Ticket Income $212,680
Level 3 -- Attendance: 1368 (68.40%) -- Ticket Income $61,560
Level 4 -- Attendance: 4000 (100.00%) -- Ticket Income $100,000
Luxury Box -- Attendance: 762 (76.20%) -- Ticket Income $140,970
Game was played at the Hockey Place Center.
Total Attendance: 14098 (78.32%)
Total Ticket Income: $961,330
Other Income: $144,200
Total Income: $1,105,530
Lightning
5 vs 5 Forward
Center Left Wing Right Wing Time % Phy DF OF
1 Robert Nilsson Henrik Zetterberg Kris Versteeg 40 1 2 2
2 Pierre-Marc Bouchard Daniel Carcillo Steve Bernier 30 1 2 2
3 Jordan Nolan Loui Eriksson Sheldon Keefe 20 1 2 2
4 Henrik Zetterberg Pierre-Luc Létourneau Reilly Smith 10 1 2 2
5 vs 5 Defense
Defense Defense Time % Phy DF OF
1 Jeff Schultz Brent Burns 40 1 2 2
2 John Carlson Danny Richmond 30 1 2 2
3 Andy Rogers Justin Schultz 20 1 2 2
4 Davis Drewiske Jeff Schultz 10 1 2 2
PowerPlay Forward
Center Left Wing Right Wing Time % Phy DF OF
1 Robert Nilsson Henrik Zetterberg Kris Versteeg 60 1 2 2
2 Pierre-Marc Bouchard Daniel Carcillo Steve Bernier 40 1 2 2
PowerPlay Defense
Defense Defense Time % Phy DF OF
1 Jeff Schultz Brent Burns 60 1 2 2
2 John Carlson Danny Richmond 40 1 2 2
Penalty Kill 4 Players Forward
Center Wing Time % Phy DF OF
1 Henrik Zetterberg Robert Nilsson 60 1 2 2
2 Kris Versteeg Pierre-Marc Bouchard 40 1 2 2
Penalty Kill 4 Players Defense
Defense Defense Time % Phy DF OF
1 Jeff Schultz Brent Burns 60 1 2 2
2 John Carlson Danny Richmond 40 1 2 2
Penalty Kill - 3 Players Forward
Forward Time % Phy DF OF
1 Henrik Zetterberg 60 1 2 2
2 Robert Nilsson 40 1 2 2
Penalty Kill - 3 Players Defense
Defense Defense Time % Phy DF OF
1 Jeff Schultz Brent Burns 60 1 2 2
2 John Carlson Danny Richmond 40 1 2 2
4 vs 4 Forward
Center Wing Time % Phy DF OF
1 Henrik Zetterberg Robert Nilsson 60 1 2 2
2 Kris Versteeg Pierre-Marc Bouchard 40 1 2 2
4 vs 4 Defense
Defense Defense Time % Phy DF OF
1 Jeff Schultz Brent Burns 60 1 2 2
2 John Carlson Danny Richmond 40 1 2 2
Last Minutes Offensive
Center Left Wing Right Wing Defense Defense
Robert Nilsson Henrik Zetterberg Kris Versteeg Jeff Schultz Brent Burns
Last Minutes Defensive
Center Left Wing Right Wing Defense Defense
Robert Nilsson Henrik Zetterberg Kris Versteeg Jeff Schultz Brent Burns
Goaltenders
Starting : Jaroslav Halak
Backup : Adam Munro
Extra Forwards
Normal : Jordan Nolan, Loui Eriksson, Sheldon Keefe - PP : Jordan Nolan, Loui Eriksson - PK : Sheldon Keefe
Extra Defensemen
Normal : Andy Rogers, Justin Schultz, Davis Drewiske - PP : Andy Rogers - PK : Justin Schultz, Davis Drewiske
Penalty Shots
Henrik Zetterberg, Robert Nilsson, Kris Versteeg, Pierre-Marc Bouchard, Jordan Nolan
Scratches
Mikael Backlund (Healthy)
Sharks
5 vs 5 Forward
Center Left Wing Right Wing Time % Phy DF OF
1 David Legwand Milan Michalek Maxim Afinogenov 40 1 1 3
2 Frans Nielsen Ryane Clowe Cal Clutterbuck 30 2 1 2
3 Rob Schremp Patrik Elias Nick Palmieri 20 2 1 2
4 Frans Nielsen Erik Cole Damien Brunner 10 2 1 2
5 vs 5 Defense
Defense Defense Time % Phy DF OF
1 Kevin Shattenkirk Mark Stuart 40 2 1 2
2 Steve Montador Brendon Nash 30 2 1 2
3 Chris Campoli Brayden McNabb 20 2 1 2
4 Kevin Shattenkirk Mark Stuart 10 2 1 2
PowerPlay Forward
Center Left Wing Right Wing Time % Phy DF OF
1 David Legwand Milan Michalek Maxim Afinogenov 60 2 0 3
2 Frans Nielsen Ryane Clowe Cal Clutterbuck 40 2 0 3
PowerPlay Defense
Defense Defense Time % Phy DF OF
1 Kevin Shattenkirk Mark Stuart 60 1 1 3
2 Steve Montador Chris Campoli 40 1 1 3
Penalty Kill 4 Players Forward
Center Wing Time % Phy DF OF
1 David Legwand Milan Michalek 60 2 3 0
2 Frans Nielsen Maxim Afinogenov 40 2 3 0
Penalty Kill 4 Players Defense
Defense Defense Time % Phy DF OF
1 Kevin Shattenkirk Mark Stuart 60 2 3 0
2 Chris Campoli Steve Montador 40 2 3 0
Penalty Kill - 3 Players Forward
Forward Time % Phy DF OF
1 David Legwand 60 1 4 0
2 Milan Michalek 40 1 4 0
Penalty Kill - 3 Players Defense
Defense Defense Time % Phy DF OF
1 Kevin Shattenkirk Mark Stuart 60 1 4 0
2 Chris Campoli Steve Montador 40 1 4 0
4 vs 4 Forward
Center Wing Time % Phy DF OF
1 David Legwand Milan Michalek 60 1 1 3
2 Patrick O'Sullivan Maxim Afinogenov 40 1 1 3
4 vs 4 Defense
Defense Defense Time % Phy DF OF
1 Kevin Shattenkirk Mark Stuart 60 2 1 2
2 Brayden McNabb Steve Montador 40 2 1 2
Last Minutes Offensive
Center Left Wing Right Wing Defense Defense
David Legwand Milan Michalek Maxim Afinogenov Kevin Shattenkirk Mark Stuart
Last Minutes Defensive
Center Left Wing Right Wing Defense Defense
Frans Nielsen Milan Michalek Maxim Afinogenov Chris Campoli Steve Montador
Goaltenders
Starting : Tyler Weiman
Backup : Brent Krahn
Extra Forwards
Normal : Patrick O'Sullivan, Nick Palmieri, Damien Brunner - PP : Patrik Elias, Nick Palmieri - PK : Damien Brunner
Extra Defensemen
Normal : Chris Campoli, Brendon Nash, Brayden McNabb - PP : Brendon Nash - PK : Chris Campoli, Brayden McNabb
Penalty Shots
Rob Schremp, Milan Michalek, Maxim Afinogenov, Frans Nielsen, Patrick O'Sullivan
Scratches
Andrej Sekera (Strained Right Knee Injury), Boris Valabik (Sprained Right Knee Injury), Martin Erat (Healthy), T.J. Hensick (Healthy), Oskar Osala (Healthy)
Justin Pogge (Healthy)
% Time on Ice - Lightning
Lines # - Real PCT - Wanted PCT - Time Play
Normal Forward
1 - 36% - 40% - 14:24
2 - 28% - 30% - 11:20
3 - 23% - 20% - 9:22
4 - 13% - 10% - 5:05
Normal Defense
1 - 41% - 40% - 16:29
2 - 31% - 30% - 12:36
3 - 22% - 20% - 8:59
4 - 5% - 10% - 2:07
PP Forward
1 - 57% - 60% - 5:37
2 - 43% - 40% - 4:18
PP Defense
1 - 52% - 60% - 5:08
2 - 48% - 40% - 4:47
PK Forward
1 - 73% - 60% - 6:09
2 - 27% - 40% - 2:17
PK Defense
1 - 56% - 60% - 4:41
2 - 44% - 40% - 3:45
PK3 Forward
1 - 63% - 60% - 0:55
2 - 38% - 40% - 0:33
PK3 Defense
1 - 90% - 60% - 1:19
2 - 10% - 40% - 0:09
44 Forward
1 - 74% - 60% - 3:41
2 - 26% - 40% - 1:19
44 Defense
1 - 62% - 60% - 3:05
2 - 38% - 40% - 1:55
Last Minute Offensive - 0:00
Last Minute Defensive - 0:00
Total
Forward - 65:00
Defense - 65:00
|
% Time on Ice - Sharks
Lines # - Real PCT - Wanted PCT - Time Play
Normal Forward
1 - 34% - 40% - 13:46
2 - 29% - 30% - 11:37
3 - 27% - 20% - 10:39
4 - 10% - 10% - 4:09
Normal Defense
1 - 40% - 40% - 16:14
2 - 33% - 30% - 13:25
3 - 22% - 20% - 8:46
4 - 4% - 10% - 1:46
PP Forward
1 - 57% - 60% - 5:36
2 - 43% - 40% - 4:18
PP Defense
1 - 56% - 60% - 5:33
2 - 44% - 40% - 4:21
PK Forward
1 - 74% - 60% - 7:20
2 - 26% - 40% - 2:35
PK Defense
1 - 60% - 60% - 5:55
2 - 40% - 40% - 4:00
PK3 Forward
1 - 0% - 60%
2 - 0% - 40%
PK3 Defense
1 - 0% - 60%
2 - 0% - 40%
44 Forward
1 - 81% - 60% - 4:03
2 - 19% - 40% - 0:57
44 Defense
1 - 55% - 60% - 2:45
2 - 45% - 40% - 2:15
Last Minute Offensive - 0:00
Last Minute Defensive - 0:00
Total
Forward - 65:00
Defense - 65:00
|
Play by Play
1st period
0:01 of 1st period - David Legwand wins face-off versus Robert Nilsson in neutral zone.
0:08 of 1st period - Snap shot by Henrik Zetterberg.
0:08 of 1st period - Shot Blocked by Mark Stuart.
0:26 of 1st period - Kevin Shattenkirk is hit by Sheldon Keefe and loses puck.
0:33 of 1st period - Slapshot by Sheldon Keefe.
0:33 of 1st period - Stopped by Tyler Weiman without a rebound.
0:34 of 1st period - Frans Nielsen wins face-off versus Pierre-Marc Bouchard in Sharks zone.
0:39 of 1st period - Danny Richmond is hit by Frans Nielsen and loses puck.
0:47 of 1st period - Icing by Danny Richmond.
0:48 of 1st period - Pierre-Marc Bouchard wins face-off versus Rob Schremp in Lightning zone.
2:03 of 1st period - Brent Burns is hit by Frans Nielsen and loses puck.
2:10 of 1st period - Snap shot by Erik Cole.
2:10 of 1st period - Stopped by Jaroslav Halak without a rebound.
2:11 of 1st period - Rob Schremp wins face-off versus Pierre-Marc Bouchard in Lightning zone.
2:12 of 1st period - Slapshot by Kevin Shattenkirk.
2:12 of 1st period - Stopped by Jaroslav Halak with a rebound.
2:26 of 1st period - Wrist shot by Pierre-Marc Bouchard.
2:26 of 1st period - Deflect By Steve Bernier.
2:26 of 1st period - Shot Blocked by Kevin Shattenkirk.
2:26 of 1st period - Puck is out of play.
2:27 of 1st period - Robert Nilsson wins face-off versus Frans Nielsen in Sharks zone.
2:52 of 1st period - Snap shot by Milan Michalek.
2:52 of 1st period - Shot Blocked by Jeff Schultz.
2:59 of 1st period - Icing by Jeff Schultz.
3:00 of 1st period - Jordan Nolan wins face-off versus Frans Nielsen in Lightning zone.
3:08 of 1st period - Minor Penalty to Davis Drewiske for Diving.
3:09 of 1st period - Henrik Zetterberg wins face-off versus David Legwand in Lightning zone.
3:09 of 1st period - Henrik Zetterberg is hit by Maxim Afinogenov.
3:20 of 1st period - Slapshot by Kevin Shattenkirk.
3:20 of 1st period - Shot Hit the Post.
3:22 of 1st period - Slapshot by Milan Michalek.
3:22 of 1st period - Stopped by Jaroslav Halak with a rebound.
3:24 of 1st period - Snap shot by David Legwand.
3:24 of 1st period - Shot Misses the Net.
4:54 of 1st period - Jeff Schultz is hit by Kevin Shattenkirk and loses puck.
5:08 of 1st period - Penalty to Davis Drewiske is over, Davis Drewiske is back on ice.
5:51 of 1st period - Rob Schremp is hit by Danny Richmond and loses puck.
6:00 of 1st period - Wrist shot by Sheldon Keefe.
6:00 of 1st period - Stopped by Tyler Weiman without a rebound.
6:01 of 1st period - Robert Nilsson wins face-off versus Frans Nielsen in Sharks zone.
7:12 of 1st period - Chris Campoli is hit by Loui Eriksson and loses puck.
7:49 of 1st period - Cal Clutterbuck is hit by Jordan Nolan and loses puck.
8:18 of 1st period - Snap shot by Nick Palmieri.
8:18 of 1st period - Shot Blocked by Justin Schultz.
9:38 of 1st period - Slapshot by Ryane Clowe.
9:38 of 1st period - Shot Misses the Net.
10:33 of 1st period - Chris Campoli is hit by Jordan Nolan and loses puck.
11:06 of 1st period - Wrist shot by Cal Clutterbuck.
11:06 of 1st period - Deflect By Ryane Clowe.
11:06 of 1st period - Shot Misses the Net.
11:06 of 1st period - Puck is out of play.
11:07 of 1st period - Robert Nilsson wins face-off versus Patrick O'Sullivan in Lightning zone.
11:59 of 1st period - Off-side.
12:00 of 1st period - Jordan Nolan wins face-off versus Frans Nielsen in neutral zone.
12:13 of 1st period - Snap shot by Frans Nielsen.
12:13 of 1st period - Shot Misses the Net.
12:15 of 1st period - Snap shot by Mark Stuart.
12:15 of 1st period - Deflect By Cal Clutterbuck.
12:15 of 1st period - Shot Misses the Net.
12:15 of 1st period - Puck is out of play.
12:16 of 1st period - Robert Nilsson wins face-off versus David Legwand in Lightning zone.
12:41 of 1st period - Ryane Clowe is hit by Jeff Schultz and loses puck.
12:50 of 1st period - Wrist shot by Cal Clutterbuck.
12:50 of 1st period - Shot Misses the Net.
13:26 of 1st period - Wrist shot by Milan Michalek.
13:26 of 1st period - Stopped by Jaroslav Halak with a rebound.
14:01 of 1st period - Minor Penalty to Rob Schremp for Hooking.
14:02 of 1st period - David Legwand wins face-off versus Robert Nilsson in Sharks zone.
16:01 of 1st period - Penalty to Rob Schremp is over, Rob Schremp is back on ice.
16:44 of 1st period - Snap shot by Ryane Clowe.
16:44 of 1st period - Stopped by Jaroslav Halak without a rebound.
16:45 of 1st period - Ryane Clowe wins face-off versus Henrik Zetterberg in Lightning zone.
17:11 of 1st period - Maxim Afinogenov is hit by Daniel Carcillo and loses puck.
17:39 of 1st period - Kris Versteeg is hit by Cal Clutterbuck and loses puck.
17:44 of 1st period - Slapshot by Kevin Shattenkirk.
17:44 of 1st period - Stopped by Jaroslav Halak with a rebound.
18:15 of 1st period - Slapshot by Damien Brunner.
18:15 of 1st period - Stopped by Jaroslav Halak without a rebound.
18:16 of 1st period - Jordan Nolan wins face-off versus Frans Nielsen in Lightning zone.
18:21 of 1st period - Snap shot by Jordan Nolan.
18:21 of 1st period - Shot Blocked by Chris Campoli.
18:36 of 1st period - Jordan Nolan is hit by Damien Brunner and loses puck.
18:45 of 1st period - Snap shot by Frans Nielsen.
18:45 of 1st period - Stopped by Jaroslav Halak with a rebound.
18:47 of 1st period - Wrist shot by Frans Nielsen.
18:47 of 1st period - Stopped by Jaroslav Halak without a rebound.
18:48 of 1st period - Robert Nilsson wins face-off versus David Legwand in Lightning zone.
18:48 of 1st period - Robert Nilsson is hit by Maxim Afinogenov.
18:58 of 1st period - Snap shot by Robert Nilsson.
18:58 of 1st period - Shot Hit the Post.
19:00 of 1st period - Wrist shot by Kris Versteeg.
19:00 of 1st period - Shot Blocked by Steve Montador.
19:02 of 1st period - Slapshot by Andy Rogers.
19:02 of 1st period - Stopped by Tyler Weiman with a rebound.
19:04 of 1st period - Snap shot by Henrik Zetterberg.
19:04 of 1st period - Stopped by Tyler Weiman without a rebound.
19:05 of 1st period - Pierre-Marc Bouchard wins face-off versus Rob Schremp in Sharks zone.
19:30 of 1st period - Henrik Zetterberg is hit by Maxim Afinogenov and loses puck.
19:55 of 1st period - Slapshot by Sheldon Keefe.
19:55 of 1st period - Deflect By Jordan Nolan.
19:55 of 1st period - Stopped by Tyler Weiman with a rebound.
19:57 of 1st period - Snap shot by Loui Eriksson.
19:57 of 1st period - Shot Misses the Net.
Goals for this period are 0 for Lightning vs 0 for Sharks.
Shots for this period are 5 for Lightning vs 9 for Sharks.
2nd period
0:01 of 2nd period - David Legwand wins face-off versus Robert Nilsson in neutral zone.
0:03 of 2nd period - Off-side.
0:04 of 2nd period - Robert Nilsson wins face-off versus David Legwand in neutral zone.
0:38 of 2nd period - Wrist shot by Daniel Carcillo.
0:38 of 2nd period - Stopped by Tyler Weiman without a rebound.
0:39 of 2nd period - Robert Nilsson wins face-off versus Frans Nielsen in Sharks zone.
1:06 of 2nd period - Snap shot by Loui Eriksson.
1:06 of 2nd period - Shot Misses the Net.
1:08 of 2nd period - Slapshot by Justin Schultz.
1:08 of 2nd period - Stopped by Tyler Weiman with a rebound.
1:10 of 2nd period - Slapshot by Andy Rogers.
1:10 of 2nd period - Goal by Andy Rogers - Lightning : 1 - Sharks : 0.
1:11 of 2nd period - Robert Nilsson wins face-off versus David Legwand in neutral zone.
2:02 of 2nd period - Backhand shot by Jordan Nolan.
2:02 of 2nd period - Shot Blocked by Patrik Elias.
2:04 of 2nd period - Wrist shot by Jordan Nolan.
2:04 of 2nd period - Stopped by Tyler Weiman with a rebound.
2:06 of 2nd period - Slapshot by Jeff Schultz.
2:06 of 2nd period - Shot Misses the Net.
2:08 of 2nd period - Wrist shot by Sheldon Keefe.
2:08 of 2nd period - Stopped by Tyler Weiman with a rebound.
2:10 of 2nd period - Slapshot by Brent Burns.
2:10 of 2nd period - Deflect By Loui Eriksson.
2:10 of 2nd period - Shot Misses the Net.
2:10 of 2nd period - Puck is out of play.
2:11 of 2nd period - David Legwand wins face-off versus Robert Nilsson in Sharks zone.
2:15 of 2nd period - Icing by David Legwand.
2:16 of 2nd period - Robert Nilsson wins face-off versus David Legwand in Sharks zone.
2:22 of 2nd period - Off-side.
2:23 of 2nd period - David Legwand wins face-off versus Robert Nilsson in neutral zone.
2:53 of 2nd period - Minor Penalty to Kevin Shattenkirk for High sticking.
2:54 of 2nd period - David Legwand wins face-off versus Robert Nilsson in Sharks zone.
3:03 of 2nd period - Snap shot by Milan Michalek.
3:03 of 2nd period - Stopped by Jaroslav Halak with a rebound.
4:53 of 2nd period - Penalty to Kevin Shattenkirk is over, Kevin Shattenkirk is back on ice.
6:26 of 2nd period - Daniel Carcillo is hit by Rob Schremp and loses puck.
6:52 of 2nd period - Jeff Schultz is hit by David Legwand and loses puck.
7:49 of 2nd period - Icing by Damien Brunner.
7:50 of 2nd period - Pierre-Marc Bouchard wins face-off versus Rob Schremp in Sharks zone.
7:51 of 2nd period - Wrist shot by Daniel Carcillo.
7:51 of 2nd period - Goal by Daniel Carcillo - Lightning : 2 - Sharks : 0.
7:52 of 2nd period - David Legwand wins face-off versus Robert Nilsson in neutral zone.
8:01 of 2nd period - Slapshot by Brent Burns.
8:01 of 2nd period - Shot Blocked by Mark Stuart.
8:03 of 2nd period - Wrist shot by Kris Versteeg.
8:03 of 2nd period - Shot Hit the Post.
8:05 of 2nd period - Slapshot by Brent Burns.
8:05 of 2nd period - Shot Blocked by Kevin Shattenkirk.
8:07 of 2nd period - Wrist shot by Kris Versteeg.
8:07 of 2nd period - Stopped by Tyler Weiman with a rebound.
8:36 of 2nd period - Minor Penalty to Loui Eriksson for Roughing.
8:37 of 2nd period - David Legwand wins face-off versus Henrik Zetterberg in Lightning zone.
8:50 of 2nd period - Snap shot by Maxim Afinogenov.
8:50 of 2nd period - Shot Misses the Net.
8:52 of 2nd period - Slapshot by Mark Stuart.
8:52 of 2nd period - Shot Misses the Net.
9:06 of 2nd period - Slapshot by Steve Montador.
9:06 of 2nd period - Stopped by Jaroslav Halak with a rebound.
9:08 of 2nd period - Slapshot by Steve Montador.
9:08 of 2nd period - Shot Blocked by Danny Richmond.
9:10 of 2nd period - Snap shot by Cal Clutterbuck.
9:10 of 2nd period - Stopped by Jaroslav Halak without a rebound.
9:11 of 2nd period - David Legwand wins face-off versus Henrik Zetterberg in Lightning zone.
9:16 of 2nd period - Slapshot by Kevin Shattenkirk.
9:16 of 2nd period - Shot Blocked by Robert Nilsson.
9:18 of 2nd period - Wrist shot by Maxim Afinogenov.
9:18 of 2nd period - Stopped by Jaroslav Halak with a rebound.
9:36 of 2nd period - Brent Burns is hit by Frans Nielsen and loses puck.
10:01 of 2nd period - Backhand shot by Maxim Afinogenov.
10:01 of 2nd period - Stopped by Jaroslav Halak with a rebound.
10:03 of 2nd period - Slapshot by Kevin Shattenkirk.
10:03 of 2nd period - Goal by Kevin Shattenkirk - Lightning : 2 - Sharks : 1.
10:04 of 2nd period - David Legwand wins face-off versus Pierre-Marc Bouchard in neutral zone.
10:07 of 2nd period - Snap shot by Kevin Shattenkirk.
10:07 of 2nd period - Shot Blocked by Brent Burns.
10:37 of 2nd period - Off-side.
10:38 of 2nd period - Frans Nielsen wins face-off versus Robert Nilsson in neutral zone.
10:51 of 2nd period - Wrist shot by Frans Nielsen.
10:51 of 2nd period - Stopped by Jaroslav Halak without a rebound.
10:52 of 2nd period - David Legwand wins face-off versus Robert Nilsson in Lightning zone.
10:55 of 2nd period - Snap shot by Milan Michalek.
10:55 of 2nd period - Shot Misses the Net.
11:07 of 2nd period - Slapshot by Jeff Schultz.
11:07 of 2nd period - Stopped by Tyler Weiman with a rebound.
11:42 of 2nd period - Wrist shot by Rob Schremp.
11:42 of 2nd period - Deflect By Jeff Schultz.
11:42 of 2nd period - Shot Blocked by Jeff Schultz.
11:42 of 2nd period - Puck is out of play.
11:43 of 2nd period - Jordan Nolan wins face-off versus Rob Schremp in Lightning zone.
12:18 of 2nd period - Wrist shot by Milan Michalek.
12:18 of 2nd period - Stopped by Jaroslav Halak without a rebound.
12:19 of 2nd period - Pierre-Marc Bouchard wins face-off versus Frans Nielsen in Lightning zone.
12:46 of 2nd period - Henrik Zetterberg is hit by David Legwand and loses puck.
12:55 of 2nd period - Wrist shot by David Legwand.
12:55 of 2nd period - Stopped by Jaroslav Halak without a rebound.
12:56 of 2nd period - Robert Nilsson wins face-off versus Rob Schremp in Lightning zone.
12:56 of 2nd period - Robert Nilsson is hit by Brendon Nash.
13:01 of 2nd period - Icing by Kris Versteeg.
13:02 of 2nd period - Robert Nilsson wins face-off versus Rob Schremp in Lightning zone.
13:02 of 2nd period - Robert Nilsson is hit by Rob Schremp.
13:14 of 2nd period - Snap shot by Kris Versteeg.
13:14 of 2nd period - Stopped by Tyler Weiman with a rebound.
13:16 of 2nd period - Slapshot by Justin Schultz.
13:16 of 2nd period - Shot Misses the Net.
13:52 of 2nd period - Slapshot by Steve Montador.
13:52 of 2nd period - Shot Misses the Net.
14:14 of 2nd period - Snap shot by Henrik Zetterberg.
14:14 of 2nd period - Shot Misses the Net.
14:16 of 2nd period - Slapshot by Jeff Schultz.
14:16 of 2nd period - Stopped by Tyler Weiman without a rebound.
14:17 of 2nd period - Cal Clutterbuck wins face-off versus Kris Versteeg in Sharks zone.
14:48 of 2nd period - Kevin Shattenkirk is hit by Danny Richmond and loses puck.
15:01 of 2nd period - Steve Bernier is hit by Kevin Shattenkirk.
15:15 of 2nd period - Snap shot by Loui Eriksson.
15:15 of 2nd period - Stopped by Tyler Weiman without a rebound.
15:16 of 2nd period - Rob Schremp wins face-off versus Robert Nilsson in Sharks zone.
15:23 of 2nd period - Snap shot by Kris Versteeg.
15:23 of 2nd period - Shot Misses the Net.
15:46 of 2nd period - Minor Penalty to Henrik Zetterberg for Boarding.
15:47 of 2nd period - David Legwand wins face-off versus Sheldon Keefe in Lightning zone.
16:20 of 2nd period - Jordan Nolan is hit by Chris Campoli and loses puck.
17:46 of 2nd period - Penalty to Henrik Zetterberg is over, Henrik Zetterberg is back on ice.
17:54 of 2nd period - Slapshot by Brent Burns.
17:54 of 2nd period - Shot Misses the Net.
17:56 of 2nd period - Slapshot by Brent Burns.
17:56 of 2nd period - Stopped by Tyler Weiman with a rebound.
18:02 of 2nd period - Snap shot by Daniel Carcillo.
18:02 of 2nd period - Stopped by Tyler Weiman without a rebound.
18:03 of 2nd period - Henrik Zetterberg wins face-off versus Rob Schremp in Sharks zone.
18:06 of 2nd period - Wrist shot by Henrik Zetterberg.
18:06 of 2nd period - Stopped by Tyler Weiman without a rebound.
18:07 of 2nd period - Rob Schremp wins face-off versus Henrik Zetterberg in Sharks zone.
18:42 of 2nd period - Snap shot by Frans Nielsen.
18:42 of 2nd period - Stopped by Jaroslav Halak without a rebound.
18:43 of 2nd period - Jordan Nolan wins face-off versus David Legwand in Lightning zone.
18:54 of 2nd period - Slapshot by Sheldon Keefe.
18:54 of 2nd period - Shot Misses the Net.
19:05 of 2nd period - Icing by Jeff Schultz.
19:06 of 2nd period - Frans Nielsen wins face-off versus Jordan Nolan in Lightning zone.
19:12 of 2nd period - Off-side.
19:13 of 2nd period - Robert Nilsson wins face-off versus Frans Nielsen in neutral zone.
19:15 of 2nd period - Off-side.
19:16 of 2nd period - Frans Nielsen wins face-off versus Robert Nilsson in neutral zone.
19:47 of 2nd period - Wrist shot by David Legwand.
19:47 of 2nd period - Deflect By Maxim Afinogenov.
19:47 of 2nd period - Shot Misses the Net.
19:47 of 2nd period - Puck is out of play.
19:48 of 2nd period - David Legwand wins face-off versus Pierre-Marc Bouchard in Lightning zone.
19:59 of 2nd period - Snap shot by Maxim Afinogenov.
19:59 of 2nd period - Shot Misses the Net.
Goals for this period are 2 for Lightning vs 1 for Sharks.
Shots for this period are 14 for Lightning vs 10 for Sharks.
3rd period
0:01 of 3rd period - David Legwand wins face-off versus Robert Nilsson in neutral zone.
0:04 of 3rd period - Slapshot by Kevin Shattenkirk.
0:04 of 3rd period - Shot Blocked by Henrik Zetterberg.
0:26 of 3rd period - Pierre-Marc Bouchard is hit by Ryane Clowe and loses puck.
0:33 of 3rd period - Slapshot by Frans Nielsen.
0:33 of 3rd period - Goal by Frans Nielsen - Lightning : 2 - Sharks : 2.
0:34 of 3rd period - David Legwand wins face-off versus Robert Nilsson in neutral zone.
0:41 of 3rd period - Wrist shot by Milan Michalek.
0:41 of 3rd period - Deflect By David Legwand.
0:41 of 3rd period - Stopped by Jaroslav Halak with a rebound.
1:38 of 3rd period - Slapshot by Danny Richmond.
1:38 of 3rd period - Deflect By Sheldon Keefe.
1:38 of 3rd period - Shot Misses the Net.
1:38 of 3rd period - Puck is out of play.
1:39 of 3rd period - David Legwand wins face-off versus Jordan Nolan in Sharks zone.
2:30 of 3rd period - Frans Nielsen is hit by Kris Versteeg and loses puck.
2:42 of 3rd period - Minor Penalty to Davis Drewiske for Hooking.
2:43 of 3rd period - Henrik Zetterberg wins face-off versus Frans Nielsen in Lightning zone.
2:53 of 3rd period - Wrist shot by Steve Montador.
2:53 of 3rd period - Shot Misses the Net.
2:55 of 3rd period - Snap shot by Cal Clutterbuck.
2:55 of 3rd period - Shot Blocked by Henrik Zetterberg.
3:13 of 3rd period - Wrist shot by David Legwand.
3:13 of 3rd period - Shot Misses the Net.
3:15 of 3rd period - Snap shot by Milan Michalek.
3:15 of 3rd period - Shot Misses the Net.
4:02 of 3rd period - Snap shot by Kris Versteeg.
4:02 of 3rd period - Shot Misses the Net.
4:30 of 3rd period - Pierre-Marc Bouchard is hit by Patrik Elias and loses puck.
4:37 of 3rd period - Maxim Afinogenov is hit by Pierre-Marc Bouchard and loses puck.
4:42 of 3rd period - Penalty to Davis Drewiske is over, Davis Drewiske is back on ice.
4:46 of 3rd period - Snap shot by Kris Versteeg.
4:46 of 3rd period - Shot Blocked by Nick Palmieri.
4:50 of 3rd period - Snap shot by Pierre-Marc Bouchard.
4:50 of 3rd period - Stopped by Tyler Weiman without a rebound.
4:51 of 3rd period - Frans Nielsen wins face-off versus Jordan Nolan in Sharks zone.
5:37 of 3rd period - Frans Nielsen is hit by Davis Drewiske and loses puck.
5:56 of 3rd period - Reilly Smith is hit by Brayden McNabb and loses puck.
6:07 of 3rd period - John Carlson is hit by Patrik Elias and loses puck.
6:35 of 3rd period - Pierre-Marc Bouchard is hit by Cal Clutterbuck and loses puck.
6:57 of 3rd period - Minor Penalty to Nick Palmieri for Interference.
6:58 of 3rd period - Kris Versteeg wins face-off versus David Legwand in Sharks zone.
7:08 of 3rd period - Off-side.
7:09 of 3rd period - Robert Nilsson wins face-off versus David Legwand in neutral zone.
7:40 of 3rd period - Icing by Jeff Schultz.
7:41 of 3rd period - Daniel Carcillo wins face-off versus Milan Michalek in Lightning zone.
7:58 of 3rd period - Daniel Carcillo is hit by Chris Campoli and loses puck.
8:34 of 3rd period - Icing by Steve Bernier.
8:35 of 3rd period - Pierre-Marc Bouchard wins face-off versus Damien Brunner in Lightning zone.
8:57 of 3rd period - Penalty to Nick Palmieri is over, Nick Palmieri is back on ice.
9:16 of 3rd period - Wrist shot by Loui Eriksson.
9:16 of 3rd period - Shot Misses the Net.
9:20 of 3rd period - Wrist shot by Jordan Nolan.
9:20 of 3rd period - Shot Blocked by Kevin Shattenkirk.
9:22 of 3rd period - Snap shot by Loui Eriksson.
9:22 of 3rd period - Shot Blocked by Kevin Shattenkirk.
9:24 of 3rd period - Snap shot by Jeff Schultz.
9:24 of 3rd period - Stopped by Tyler Weiman with a rebound.
9:26 of 3rd period - Slapshot by Loui Eriksson.
9:26 of 3rd period - Stopped by Tyler Weiman with a rebound.
9:38 of 3rd period - Jeff Schultz is hit by Cal Clutterbuck and loses puck.
10:21 of 3rd period - Frans Nielsen is hit by Sheldon Keefe and loses puck.
10:28 of 3rd period - Snap shot by Jordan Nolan.
10:28 of 3rd period - Shot Misses the Net.
10:50 of 3rd period - Slapshot by Pierre-Marc Bouchard.
10:50 of 3rd period - Shot Misses the Net.
11:06 of 3rd period - Minor Penalty to Loui Eriksson for Holding.
11:07 of 3rd period - David Legwand wins face-off versus Henrik Zetterberg in Lightning zone.
11:20 of 3rd period - Slapshot by Kevin Shattenkirk.
11:20 of 3rd period - Deflect By David Legwand.
11:20 of 3rd period - Shot Blocked by Henrik Zetterberg.
11:20 of 3rd period - Puck is out of play.
11:21 of 3rd period - David Legwand wins face-off versus Henrik Zetterberg in Lightning zone.
11:37 of 3rd period - Minor Penalty to Robert Nilsson for Tripping.
11:38 of 3rd period - Henrik Zetterberg wins face-off versus David Legwand in Lightning zone.
11:38 of 3rd period - Henrik Zetterberg is hit by Milan Michalek.
11:57 of 3rd period - Jeff Schultz is hit by Milan Michalek and loses puck.
12:18 of 3rd period - Wrist shot by Frans Nielsen.
12:18 of 3rd period - Stopped by Jaroslav Halak with a rebound.
13:06 of 3rd period - Penalty to Loui Eriksson is over, Loui Eriksson is back on ice.
13:37 of 3rd period - Penalty to Robert Nilsson is over, Robert Nilsson is back on ice.
13:41 of 3rd period - Wrist shot by Danny Richmond.
13:41 of 3rd period - Stopped by Tyler Weiman with a rebound.
13:49 of 3rd period - Jordan Nolan is hit by Patrik Elias and loses puck.
14:08 of 3rd period - Snap shot by Loui Eriksson.
14:08 of 3rd period - Deflect By Pierre-Marc Bouchard.
14:08 of 3rd period - Stopped by Tyler Weiman with a rebound.
14:23 of 3rd period - Minor Penalty to Brendon Nash for Interference.
14:24 of 3rd period - David Legwand wins face-off versus Robert Nilsson in Sharks zone.
14:29 of 3rd period - Backhand shot by Kevin Shattenkirk.
14:29 of 3rd period - Deflect By Milan Michalek.
14:29 of 3rd period - Stopped by Jaroslav Halak without a rebound.
14:30 of 3rd period - David Legwand wins face-off versus Robert Nilsson in Lightning zone.
14:33 of 3rd period - Slapshot by David Legwand.
14:33 of 3rd period - Shot Misses the Net.
14:41 of 3rd period - Mark Stuart is hit by Robert Nilsson and loses puck.
15:43 of 3rd period - Damien Brunner is hit by Kris Versteeg and loses puck.
16:23 of 3rd period - Penalty to Brendon Nash is over, Brendon Nash is back on ice.
16:51 of 3rd period - Minor Penalty to Rob Schremp for Tripping.
16:52 of 3rd period - David Legwand wins face-off versus Robert Nilsson in Sharks zone.
17:06 of 3rd period - Off-side.
17:07 of 3rd period - David Legwand wins face-off versus Henrik Zetterberg in neutral zone.
17:24 of 3rd period - Brent Burns is hit by Milan Michalek and loses puck.
18:51 of 3rd period - Penalty to Rob Schremp is over, Rob Schremp is back on ice.
19:47 of 3rd period - Off-side.
19:48 of 3rd period - Jordan Nolan wins face-off versus Patrick O'Sullivan in neutral zone.
19:51 of 3rd period - Nick Palmieri is hit by Jordan Nolan and loses puck.
Goals for this period are 0 for Lightning vs 1 for Sharks.
Shots for this period are 5 for Lightning vs 4 for Sharks.
Overtime #1
0:01 of 1st overtime period - David Legwand wins face-off versus Henrik Zetterberg in neutral zone.
0:14 of 1st overtime period - Backhand shot by Kevin Shattenkirk.
0:14 of 1st overtime period - Deflect By David Legwand.
0:14 of 1st overtime period - Stopped by Jaroslav Halak with a rebound.
0:35 of 1st overtime period - Icing by Kevin Shattenkirk.
0:36 of 1st overtime period - David Legwand wins face-off versus Henrik Zetterberg in Sharks zone.
0:59 of 1st overtime period - Slapshot by Steve Montador.
0:59 of 1st overtime period - Deflect By John Carlson.
0:59 of 1st overtime period - Stopped by Jaroslav Halak without a rebound.
1:00 of 1st overtime period - Kris Versteeg wins face-off versus Patrick O'Sullivan in Lightning zone.
1:04 of 1st overtime period - Off-side.
1:05 of 1st overtime period - David Legwand wins face-off versus Henrik Zetterberg in neutral zone.
3:06 of 1st overtime period - Henrik Zetterberg is hit by Damien Brunner and loses puck.
3:35 of 1st overtime period - Steve Montador is hit by Jordan Nolan and loses puck.
4:39 of 1st overtime period - Wrist shot by Maxim Afinogenov.
4:39 of 1st overtime period - Deflect By Patrick O'Sullivan.
4:39 of 1st overtime period - Shot Blocked by Brent Burns.
4:39 of 1st overtime period - Puck is out of play.
4:40 of 1st overtime period - David Legwand wins face-off versus Henrik Zetterberg in Lightning zone.
Goals for this period are 0 for Lightning vs 0 for Sharks.
Shots for this period are 0 for Lightning vs 2 for Sharks.
ShootOut
5:00 of 1st overtime period - Penalty Shot by Henrik Zetterberg for Lightning .
5:00 of 1st overtime period - Deke by Henrik Zetterberg.
5:00 of 1st overtime period - Shot Misses the Net.
5:00 of 1st overtime period - Penalty Shot by Rob Schremp for Sharks.
5:00 of 1st overtime period - Backhand shot by Rob Schremp.
5:00 of 1st overtime period - Stopped by Jaroslav Halak.
5:00 of 1st overtime period - Penalty Shot by Robert Nilsson for Lightning .
5:00 of 1st overtime period - Wrist shot by Robert Nilsson.
5:00 of 1st overtime period - Goal by Robert Nilsson.
5:00 of 1st overtime period - Penalty Shot by Milan Michalek for Sharks.
5:00 of 1st overtime period - Wrist shot by Milan Michalek.
5:00 of 1st overtime period - Stopped by Jaroslav Halak.
5:00 of 1st overtime period - Penalty Shot by Kris Versteeg for Lightning .
5:00 of 1st overtime period - Wrist shot by Kris Versteeg.
5:00 of 1st overtime period - Goal by Kris Versteeg.
Back to the Top